 Dungeon Crawl Stone Soup version 0.23-a0-139-ga22e90c45f (webtiles) character file.

58 RedPan the Grave Robber (level 3, -1/24 HPs)
             Began as a Mummy Necromancer on Aug 30, 2018.
             Slain by Sigmund
             ... wielding a +0 scythe
              (12 damage)
             ... on level 3 of the Dungeon.
             The game lasted 00:03:31 (2624 turns).

RedPan the Grave Robber (Mummy Necromancer)         Turns: 2624, Time: 00:03:31

Health: -1/24      AC:  4    Str: 11    XL:     3   Next: 75%
Magic:  0/8        EV: 12    Int: 15    God:
Gold:   151        SH:  0    Dex: 12    Spells: 5/10 levels left

rFire    . . .     SeeInvis .   e - +1 hand axe (chop)
rCold    + + .     Gourm    .   (no shield)
rNeg     + + +     Faith    .   a - +0 robe
rPois    ∞         Spirit   .   b - +2 hat
rElec    .         Reflect  .   f - scarf {rC+ rF+}
rCorr    .         Harm     .   (no gloves)
MR       .....                  (no boots)
Stlth    ++........             (no amulet)
HPRegen  0.08/turn              c - ring of wizardry
MPRegen  0.11/turn              (no ring)

@: no status effects
A: no food or potions, fire vulnerability, cold resistance 1, negative energy
resistance 3, torment resistance, unbreathing
a: no special abilities


You were on level 3 of the Dungeon.
You were not hungry.

You visited 1 branch of the dungeon, and saw 3 of its levels.

You collected 151 gold pieces.

Inventory:

Hand Weapons
 e - a +1 hand axe of chopping (weapon)
Armour
 a - a +0 robe (worn)
 b - a +2 hat (worn)
 f - a scarf of resistance (worn)
Jewellery
 c - a ring of wizardry (left hand)
 g - an uncursed amulet of regeneration {unknown}
 h - an uncursed ring of protection from cold {unknown}
 j - a cursed ring of teleportation {unknown}
Scrolls
 d - a scroll of remove curse
 i - a scroll of fear {unknown}
 k - a scroll of teleportation {unknown}


   Skills:
 - Level 1.5 Dodging
 - Level 1.5 Stealth
 + Level 4.1 Spellcasting
 + Level 4.8 Necromancy


You had 5 spell levels left.
You knew the following spells:

 Your Spells              Type           Power        Failure   Level  Hunger
a - Pain                  Necr           ###.         1%          1    N/A
b - Animate Skeleton      Necr           N/A          1%          1    N/A
c - Vampiric Draining     Necr           ###.......   3%          3    N/A

Your spell library contained the following spells:

 Spells                   Type           Power        Failure   Level  Hunger
 Animate Dead             Necr           N/A          11%         4    N/A
 Regeneration             Chrm/Necr      Unusable     N/A         3    N/A

Dungeon Overview and Level Annotations

Branches:
Dungeon (3/15)

Altars:
Vehumet

Annotations:
D:3 Sigmund


Innate Abilities, Weirdness & Mutations

You do not eat or drink.
Your flesh is vulnerable to fire.
You are immune to poison.
Your flesh is cold resistant. (rC+)
You are immune to negative energy. (rN+++)
You are immune to unholy pain and torment.
You can survive without breathing.


Message History

Unknown command.
Okay, then.
You can't drink.
Unknown command.
Sigmund barely misses you.
You barely miss Sigmund.
Sigmund is heavily wounded.
Sigmund hits you with a scythe.
Casting: Pain (safe; 1% risk of failure)
Confirm with . or Enter, or press ? or * to list all spells.
Aiming: Pain (safe; 1% risk of failure)
Press: ? - help, Shift-Dir - straight line, f/p - Sigmund
Aim: Sigmund, wielding a scythe and wearing a robe (heavily wounded, chance to Sigmund writhes in agony!
Sigmund mumbles some strange words.
Sigmund flickers and vanishes!
Deactivating autopickup; reactivate with Ctrl-A.
You closely miss something. Something hits you!
Ouch! That really hurt!
You die...

... # ... # . ...
############# #.#+##.#
#............ #.#.##.#
#............ .....#.#
#....@{......
.....#.#####............
........................
....#...................
#.###.......†...........
....#...................
#...................?...
#................###....
#................#


There were no monsters in sight!

Vanquished Creatures
  A worm (D:3)
  5 dart slugs
  3 leopard geckos
  2 orcs (D:3)
  A giant cockroach (D:1)
  5 goblins
  3 hobgoblins
  A jackal (D:3)
  6 kobolds (D:1)
  5 bats
  8 rats
40 creatures vanquished.

Vanquished Creatures (collateral kills)
  A hobgoblin (D:3)
1 creature vanquished.

Grand Total: 41 creatures vanquished

Notes
Turn   | Place    | Note
-------+----------+-------------------------------------------
     0 | D:1      | RedPan the Mummy Necromancer began the quest for the Orb.
     0 | D:1      | Reached XP level 1. HP: 13/13 MP: 4/4
   159 | D:1      | Reached XP level 2. HP: 19/19 MP: 1/6
   561 | D:1      | Learned a level 1 spell: Animate Skeleton
  1089 | D:1      | Reached XP level 3. HP: 24/24 MP: 6/8
  1507 | D:2      | Learned a level 3 spell: Vampiric Draining
  1560 | D:2      | Found a radiant altar of Vehumet.
  2611 | D:3      | Noticed Sigmund
  2624 | D:3      | Slain by Sigmund

Vault maps used:
D:1:      dpeg_arrival_signposts
D:2:      vehumet_crystals
D:3:      first_ration, hangedman_abyss_or_decor_lesser_grid, uniq_sigmund

Skill      XL: |  1  2  3 |
---------------+----------+-----
Spellcasting   | 3 4 |  4.1
Dodging        | |  1.5
Stealth        | |  1.5
Necromancy     | |  4.8

Action                   || total
-------------------------++-------
Melee: Unarmed           ||    12
       Hand axe          ||    22
 Cast: Pain              ||    86
       Animate Skeleton  ||     6
  Use: Scroll            ||     3
Armor: Robe              ||     9
Dodge: Dodged            ||    40

Table legend:
 A = Non-vault XP
 B = Vault XP
 C = Vault XP percentage of total XP
 D = Non-vault monster count
 E = Vault monster count
 F = Vault count percentage of total count
                 A         B        C        D         E       F
            +---------+---------+-------+---------+---------+-------
      Total |      83 |       0 |   0.0 |      41 |       0 |   0.0
            +---------+---------+-------+---------+---------+-------
        D:1 |      44 |       0 |   0.0 |      21 |       0 |   0.0
        D:2 |      11 |       0 |   0.0 |       6 |       0 |   0.0
        D:3 |      28 |       0 |   0.0 |      14 |       0 |   0.0
            +---------+---------+-------+---------+---------+-------
